 Dungeon Sprint DCSS version 0.28-a0-906-g0406aca7d3 (webtiles) character file.

Game seed: 687252036064973279

599 Turgor the Cleaver (level 7, -1/105 HPs)
             Began as a Minotaur Berserker on Nov 23, 2021.
             Was a Believer of Trog.
             Slain by a centaur warrior (9 damage)
             ... in the Dungeon (Sprint I: "Red Sonja").
             The game lasted 00:03:03 (330 turns).

Turgor the Cleaver (Minotaur Berserker)              Turns: 330, Time: 00:03:04

Health: -1/105     AC:  6    Str: 23    XL:     7   Next: 17%
Magic:  6/6        EV: 13    Int:  4    God:    Trog [**....]
Gold:   309        SH:  0    Dex: 10    Spells: 6/6 levels left

rFire   . . .      SeeInvis .   b - +0 hand axe
rCold   . . .      Faith    .   (no shield)
rNeg    . . .      Spirit   .   a - +0 ring mail
rPois   .          Reflect  .   (helmet restricted)
rElec   .          Harm     .   (no cloak)
rCorr   .          Rampage  .   (no gloves)
Will    ++...      NoTele   +   (no boots)
Stlth   ..........              (no amulet)
HPRegen 1.27/turn               (no ring)
MPRegen 0.10/turn               (no ring)

@: berserking, strong-willed, regenerating, very quick
A: horns 2, retaliatory headbutt
a: Renounce Religion, Berserk, Trog's Hand


You were in the Dungeon.
You worshipped Trog.
Trog was pleased with you.
You visited 1 branch You collected 309 gold pieces.

Inventory:

Hand Weapons
 b - a +0 hand axe (weapon)
Armour
 a - a +0 ring mail (worn)
Scrolls
 h - a scroll of blinking
 j - 2 scrolls of identify {unknown}
Potions
 c - a potion of curing
 d - 2 potions of heal wounds
 e - a potion of haste
 f - 2 potions of magic
 g - a potion of berserk rage


   Skills:
 + Level 9.1 Fighting
 * Level 12.2 Axes
 + Level 8.7 Armour
 + Level 7.9 Dodging


You had 6 spell levels left.
You didn't know any spells.
Your spell library was empty.

Dungeon Overview and Level Annotations

Branches:
Dungeon (1/1)

Altars:
Cheibriados
Dithmenos
Elyvilon
Fedhas
Gozag
Hepliaklqana
Kikubaaqudgha
Makhleb
Nemelex Xobeh
Okawaru
Qazlal
Ru
Sif Muna
Trog
Uskayaw
Vehumet
Wu Jian
Xom
Yredelemnul
Zin
The Shining One
Jiyva
Lugonu

Shops:
D !


Innate Abilities, Weirdness & Mutations

You have a pair of horns on your head.
You reflexively headbutt those who attack you in melee.


Message History

Okay, then.
The centaur warrior moves out of view.
What are your orders? t - Shout!
Orders for allies: a - Attack new target. r - Retreat! s - Stop attacking. g - Guard the area. f - Follow me.
Anything else - Cancel.
You shout for attention!
You hear a shout! x2
The centaur warrior wields a +0 longbow.
The centaur warrior shoots an arrow.
The arrow hits you!!
You close the door.
Your skin crawls.
You feel strong-willed.
Something unseen breaks down the door.
A red film seems to cover your vision as you go berserk!
You feel yourself moving faster!
You feel mighty! The centaur warrior hits you. The centaur warrior kicks you.
You hit the centaur warrior.
The centaur warrior is lightly wounded.
The centaur warrior hits you but does no damage.
The centaur warrior kicks you.
You barely miss the centaur warrior.
The centaur warrior is lightly wounded.
The centaur warrior hits you! The centaur warrior kicks you.
You slash the centaur warrior!
Your headbutt misses the centaur warrior.
The centaur warrior is lightly wounded.
You barely miss the centaur warrior.
The centaur warrior is lightly wounded.
You hit the centaur warrior.
The centaur warrior is moderately wounded.
The centaur warrior shoots an arrow.
The arrow hits you!!
* * * LOW HITPOINT WARNING * * *
The centaur warrior hits you!
* * * LOW HITPOINT WARNING * * *
The centaur warrior barely misses you.
The centaur warrior unwields a +0 longbow.
The centaur warrior hits you!
You die...

###################
#<.#..)..#..'..#__#
#..[..#..').#..'..+
#..#####'#####'#__# ##
#..####..#...#.####§§#
#..#__####..##.#§§§§c#
#..#_____##'#_c@c§§§.+
#⌠⌠#_.∩..)'..._#≈§§.§#
####_..__##_.#'##+####
#_____###+#.# #######
###


You could see 2 centaur warriors.

Vanquished Creatures
  A slime creature (D)
  Sigmund (D)
  A yak (D)
  An ogre (D)
  A jelly (D)
  Ijyb (D)
6 creatures vanquished.

Notes
Turn   | Place    | Note
-------+----------+-------------------------------------------
     0 | D        | Turgor the Minotaur Berserker began the quest for the Orb.
     0 | D        | Reached XP level 1. HP: 19/19 MP: 0/0
     1 | D        | Noticed Ijyb
     6 | D        | Killed Ijyb
     7 | D        | Reached skill level 5 in Axes
     7 | D        | Reached XP level 2. HP: 28/28 MP: 1/1
    57 | D        | Noticed an ogre
    60 | D        | Killed an ogre
    61 | D        | Reached skill level 7 in Axes
    61 | D        | Reached skill level 5 in Armour
    61 | D        | Reached XP level 3. HP: 37/37 MP: 2/2
    61 | D        | Reached XP level 4. HP: 44/44 MP: 3/3
   108 | D        | Noticed Sigmund
   114 | D        | Killed Sigmund
   114 | D        | Reached ** piety under Trog
   115 | D        | Reached skill level 10 in Axes
   115 | D        | Reached XP level 5. HP: 52/52 MP: 4/4
   165 | D        | Found an ornate altar of the Wu Jian Council.
   165 | D        | Found a shimmering blue altar of Sif Muna.
   167 | D        | Found a radiant altar of Vehumet.
   170 | D        | Reached XP level 6. HP: 61/61 MP: 5/5
   171 | D        | Found a viscous altar of Jiyva.
   171 | D        | Found a corrupted altar of Lugonu.
   171 | D        | Noticed a slime creature
   172 | D        | Found a burning altar of Makhleb.
   172 | D        | Found a shimmering altar of Xom.
   175 | D        | Killed a slime creature
   176 | D        | Reached skill level 11 in Axes
   205 | D        | Found Gatept's Distillery.
   205 | D        | Found an ancient bone altar of Kikubaaqudgha.
   205 | D        | Found a hazy altar of Hepliaklqana.
   205 | D        | Found a stormy altar of Qazlal.
   205 | D        | Found a hide-covered altar of Uskayaw.
   205 | D        | Found a blossoming altar of Fedhas.
   205 | D        | Found a bloodstained altar of Trog.
   205 | D        | Found an iron altar of Okawaru.
   205 | D        | Found a basalt altar of Yredelemnul.
   205 | D        | Found a glowing golden altar of the Shining One.
   205 | D        | Found a snail-covered altar of Cheibriados.
   205 | D        | Found a sacrificial altar of Ru.
   205 | D        | Found a glowing silver altar of Zin.
   205 | D        | Found a shadowy altar of Dithmenos.
   205 | D        | Found a white marble altar of Elyvilon.
   205 | D        | Noticed a yak
   216 | D        | Killed a yak
   217 | D        | Reached skill level 12 in Axes
   217 | D        | Reached XP level 7. HP: 49/70 MP: 6/6
   217 | D        | Found an opulent altar of Gozag.
   218 | D        | Found a sparkling altar of Nemelex Xobeh.
   318 | D        | Noticed a centaur warrior
   319 | D        | Noticed a centaur warrior
   330 | D        | Slain by a centaur warrior

Illustrated notes

Levels and vault maps discovered:
D:        dungeon_sprint_1 [red_sonja_temple_1, red_sonja_temple_small_1]

Skill      XL: |  1  2  3  4  5  6 |
---------------+-------------------+-----
Fighting       | 4 6 7 9 |  9.1
Axes           | 5 7 10 12 | 12.2
Armour         | 3 5 7 8 |  8.7
Dodging        | 3 4 6 7 |  7.9

Action                   |  1- 3 |  4- 6 |  7- 9 || total
-------------------------+-------+-------+-------++-------
Melee: Hand axe          |     4 |       |     5 ||     9
       Headbutt          |     2 |     7 |       ||     9
       Club              |     2 |    19 |       ||    21
Invok: Berserk           |     2 |     2 |     1 ||     5
       Trog's Hand       |       |       |     1 ||     1
Armor: Ring mail         |       |     2 |     1 ||     3
Dodge: Dodged            |     1 |     8 |     1 ||    10

Table legend: (Time is in decaauts)
 A = Elapsed time spent in this place.
 B = Non-inter-level travel time spent in this place.
 C = Inter-level travel time spent in this place.
 D = Time resting spent in this place.
 E = Time spent auto-exploring this place.
 F = Levels seen in this place.
 G = Mean time per level.
                   A        B        C        D        E       F      G
               +--------+--------+--------+--------+--------+-----+--------+
         Total |    370 |    370 |      0 |    210 |      0 |   1 |  370.0 |
       Dungeon |    370 |    370 |      0 |    210 |      0 |   1 |  370.0 |
               +--------+--------+--------+--------+--------+-----+--------+

Top non-repeatable levels by time:
       D: 370 daAuts
